 Dungeon Crawl Stone Soup version 0.29-a0-847-g24c0ca63c9 (webtiles) character file.

Game seed: 17999209605965672419

2256 Malachi the Cleaver (level 9, -9/86 HPs)
             Began as a Hill Orc Fighter on July 16, 2022.
             Was a Follower of Beogh.
             Succumbed to Duvessa's poison
             ... on level 7 of the Dungeon.
             The game lasted 00:08:53 (7837 turns).

Malachi the Cleaver (Hill Orc Fighter)              Turns: 7837, Time: 00:08:53

Health: -9/86      AC:  9    Str: 23    XL:     9   Next: 37%
Magic:  9/9        EV:  9    Int:  8    God:    Beogh [*.....]
Gold:   185        SH:  4    Dex: 10    Spells: 8/8 levels left

rFire   . . .      SeeInvis .   v - +0 hand axe (elec)
rCold   . . .      Faith    .   c - +0 buckler
rNeg    . . .      Spirit   .   b - +0 scale mail
rPois   .          Reflect  .   (no helmet)
rElec   .          Harm     .   (no cloak)
rCorr   .          Rampage  .   n - +1 pair of gloves
Will    .....                   (no boots)
Stlth   ..........              (no amulet)
HPRegen 0.24/turn               (no ring)
MPRegen 0.11/turn               (no ring)

@: mighty, lethally poisoned (-9 -> -73)
A: no striking features
a: Renounce Religion


You were on level 7 of the Dungeon.
You worshipped Beogh.
Beogh was aware of your devotion.
You visited 2 branches of the dungeon, and saw 8 of its levels.
You also visited: Sewer.

You collected 224 gold pieces.
You spent 39 gold pieces at shops.

Inventory:

Hand Weapons
 a - a +0 war axe
 v - a +0 hand axe of electrocution (weapon)
Missiles
 p - a curare-tipped dart (quivered)
 x - 16 poisoned darts
Armour
 b - a +0 scale mail (worn)
 c - a +0 buckler (worn)
 n - a +1 pair of gloves (worn)
 A - an orb of guile
Magical Staves
 g - a staff of poison
Jewellery
 u - a ring of magical power
Wands
 e - a wand of flame (26)
 r - a wand of polymorph (5)
 s - a wand of digging (4)
Scrolls
 f - 3 scrolls of teleportation
 l - 2 scrolls of poison
 m - a scroll of vulnerability
 y - a scroll of magic mapping
Potions
 h - a potion of lignification
 j - 3 potions of heal wounds
 q - 2 potions of curing {unknown}
 t - 2 potions of attraction {unknown}
 w - 3 potions of haste {unknown}
 z - 2 potions of cancellation {unknown}


   Skills:
 + Level 10.9 Fighting
 + Level 11.5 Axes
 - Level 3.2 Armour
 - Level 3.2 Shields


You had 8 spell levels left.
You didn't know any spells.
Your spell library contained the following spells:

 Spells                   Type           Power      Damage    Failure   Level
 Summon Small Mammal      Summ           0%         N/A       82%         1
 Ensorcelled Hibernation  Hex/Ice        0%         N/A       91%         2
 Passwall                 Tmut/Erth      0%         N/A       91%         2
 Call Canine Familiar     Summ           0%         N/A       99%         3
 Gell's Gravitas          Tloc           0%         N/A       99%         3
 Lesser Beckoning         Tloc           0%         N/A       99%         3
 Summon Guardian Golem    Hex/Summ       0%         N/A       99%         3
 Swiftness                Air            0%         N/A       99%         3
 Teleport Other           Tloc           0%         N/A       99%         3


Dungeon Overview and Level Annotations

Branches:
Dungeon (7/15)             Temple (1/1) D:4           Sewer (visited)

Altars:
Ashenzari
Cheibriados
Dithmenos
Elyvilon
Fedhas
Gozag
Kikubaaqudgha
Makhleb
Nemelex Xobeh
Okawaru
Qazlal
Ru
Sif Muna
Trog
Vehumet
Wu Jian
Xom
Zin
The Shining One

Shops:
D:2 *

Annotations:
D:7 Duvessa


Message History

You feel very sick. You block Duvessa's attack. The gnoll barely misses you.
The gnoll hits you from afar with a +0 spear of venom.
You are more poisoned.
You closely miss Duvessa.
Duvessa is heavily wounded.
You feel extremely sick.
Duvessa hits you with a +2 short sword of venom.
You are more poisoned.
The gnoll closely misses you. You block Duvessa's attack.
The gnoll hits you but does no damage.
You are more poisoned.
You closely miss Duvessa.
Duvessa is heavily wounded.
You feel extremely sick.
Duvessa hits you with a +2 short sword of venom.
You are more poisoned.
The gnoll hits you from afar with a +0 halberd.
The gnoll hits you from afar with a +0 spear of venom.
You are more poisoned.
Unknown command.
You feel much better.
You feel extremely sick.
Duvessa hits you with a +2 short sword of venom.
You are more poisoned.
The gnoll closely misses you.
The gnoll hits you from afar with a +0 spear of venom.
You are more poisoned.
Duvessa hits you with a +2 short sword of venom!
You are more poisoned.
You hit Duvessa. Lightning courses through Duvessa!
Duvessa is severely wounded.
* * * LOW HITPOINT WARNING * * *
You feel extremely sick.
The gnoll hits you from afar with a +0 halberd!
* * * LOW HITPOINT WARNING * * *
Duvessa barely misses you.
Okay, then.
Okay, then.
You die... ##...!....# ......... #....... #...... ..... gg.

#e# ..#.###.##########
........@........#####
##...................#
#...................###.
.........................
.....................###.
##############.......###.
#........... #...........
#...........


You could see Duvessa (berserk) and 2 gnolls.

Vanquished Creatures
  The ghost of Smoky173 the Cleaver, a novice HOMo of Beogh (D:6)
  The ghost of crawlogic the Carver, a novice BaBe of Trog (D:6)
  A water moccasin (D:6)
  2 black bears
  An ogre (D:4)
  A centaur (D:6)
  2 phantoms
  2 kobold brigands (Sewer)
  A necrophage (D:6)
  Dowan (D:7)
  A gnoll bouda (D:7)
  A hound (D:5)
  5 iguanas
  Ijyb (D:4)
  4 orc wizards
  7 adders
  3 gnolls (D:4)
  A shadow imp (D:6)
  An ufetubus (D:5)
  A worm (D:5)
  3 dart slugs
  31 orcs
  10 bats
  6 endoplasms
  9 giant cockroaches
  5 goblins
  5 hobgoblins
  8 jackals
  7 quokkas
  7 ball pythons
  5 frilled lizards
  11 kobolds
  8 rats
153 creatures vanquished.

Vanquished Creatures (others)
  An orc wizard (D:5)
  A shadow imp (D:6)
  An orc (D:5)
  A fungus (Sewer)
  2 plants (D:3)
  6 withered plants (D:6)
12 creatures vanquished.

Grand Total: 165 creatures vanquished

Notes
Turn   | Place    | Note
-------+----------+-------------------------------------------
     0 | D:1      | Malachi the Hill Orc Fighter began the quest for the Orb.
     0 | D:1      | Reached XP level 1. HP: 19/19 MP: 1/1
    58 | D:1      | Reached skill level 3 in Axes
   179 | D:1      | Reached XP level 2. HP: 24/27 MP: 2/2
   752 | D:1      | Reached XP level 3. HP: 34/34 MP: 3/3
   936 | D:1      | Found a faded altar of an unknown god.
  1233 | D:2      | Found Posolaich's General Store.
  1241 | D:2      | Bought a potion of lignification for 39 gold pieces
  1361 | D:2      | Reached skill level 4 in Axes
  1601 | D:2      | Reached XP level 4. HP: 41/41 MP: 4/4
  1914 | D:3      | Reached skill level 5 in Fighting
  1929 | D:3      | Reached skill level 5 in Axes
  1929 | D:3      | Reached XP level 5. HP: 19/48 MP: 5/5
  2637 | D:4      | Noticed Ijyb
  2651 | D:4      | Killed Ijyb
  2731 | D:4      | Reached skill level 6 in Axes
  2731 | D:4      | Reached XP level 6. HP: 54/57 MP: 6/6
  3590 | D:4      | Found a staircase to the Ecumenical Temple.
  4073 | D:4      | Reached skill level 7 in Axes
  4073 | D:4      | Reached XP level 7. HP: 42/66 MP: 7/7
  4665 | D:4      | Found a snail-covered altar of Cheibriados.
  4665 | D:4      | Found a bloodstained altar of Trog.
  4667 | D:4      | Found a white marble altar of Elyvilon.
  4667 | D:4      | Found a glowing silver altar of Zin.
  4668 | D:4      | Found an iron altar of Okawaru.
  4668 | D:4      | Found a shimmering altar of Xom.
  4670 | D:4      | Found a radiant altar of Vehumet.
  4670 | D:4      | Found a glowing golden altar of the Shining One.
  4670 | D:4      | Found an ancient bone altar of Kikubaaqudgha.
  4805 | Temple   | Entered the Ecumenical Temple
  4947 | D:5      | Entered Level 5 of the Dungeon
  5017 | D:5      | Reached skill level 8 in Axes
  5075 | D:5      | Found a glowing drain.
  5091 | Sewer    | Entered a sewer
  5324 | Sewer    | Reached XP level 8. HP: 74/74 MP: 8/8
  5493 | D:5      | Became a worshipper of Beogh the Brigand
  5702 | D:5      | Found a shadowy altar of Dithmenos.
  5956 | D:6      | Found a stormy altar of Qazlal.
  6026 | D:6      | Found a runed translucent gate.
  6026 | D:6      | Found a runed translucent gate.
  6026 | D:6      | Found a runed translucent gate.
  6027 | D:6      | Noticed crawlogic's ghost (novice BaBe)
  6028 | D:6      | Noticed Smoky173's ghost (novice HOMo)
  6623 | D:6      | Reached skill level 9 in Axes
  7202 | D:6      | Found an ornate altar of the Wu Jian Council.
  7451 | D:6      | Reached * piety under Beogh
  7534 | D:6      | Killed Smoky173's ghost
  7535 | D:6      | Reached skill level 10 in Fighting
  7535 | D:6      | Reached skill level 10 in Axes
  7535 | D:6      | Reached XP level 9. HP: 64/86 MP: 9/9
  7535 | D:6      | Killed crawlogic's ghost
  7536 | D:6      | Reached skill level 11 in Axes
  7811 | D:7      | Noticed Dowan
  7811 | D:7      | Noticed Duvessa
  7824 | D:7      | Killed Dowan
  7837 | D:7      | Succumbed to Duvessa's poison

Illustrated notes

Levels and vault maps discovered:
D:1:      dpeg_arrival_tiny_h, layout_loops_ring, basic_ecumenical_altar,
          chequers_serial_rivers_micro_b, kennysheep_crisscross,
          minmay_misc_feat_secret_circle, kennysheep_nondescript,
          hangedman_glass_teeth
D:2:      layout_basic, serial_shops, shop_fountains, amcnicky_mini_pool_small,
          st_stairs_11
D:3:      cheibrodos_old_hovel, layout_rooms
D:4:      layout_layer_cave, nicolae_overflows_in_rows,
          minmay_temple_entry_overgrown, uniq_ijyb
D:5:      layout_rooms, mainiacjoe_overflow_alcove_2, gup_sewer_entry_bubbles
D:6:      layout_gridville, lemuel_round_altar, nicolae_wu_jian_wuxing_cycle,
          gammafunk_ghost_cemetery
D:7:      layout_basic, mainiacjoe_overflow_concentric_impassable,
          david_defended_altar_orc, uniq_duvessa
Temple:   hellmonk_temple_beads

Skill      XL: |  1  2  3  4  5  6  7  8  9 |
---------------+----------------------------+-----
Axes           | 3 4 5 6 7 8 10 11 | 11.5
Fighting       | 4 5 6 7 8 10 | 10.9
Armour         | |  3.2
Shields        | |  3.2

Action                   |  1- 3 |  4- 6 |  7- 9 || total
-------------------------+-------+-------+-------++-------
Melee: War axe           |    95 |   142 |       ||   237
       Hand axe          |       |    28 |   205 ||   233
Invok: Convert to Beogh  |       |       |     1 ||     1
  Use: Potion            |       |     2 |     5 ||     7
       Scroll            |       |       |    11 ||    11
Armor: Scale mail        |    45 |    60 |   107 ||   212
       Skin              |       |    11 |    25 ||    36
Dodge: Dodged            |    38 |    68 |    80 ||   186
Block: Buckler           |    23 |    30 |    47 ||   100

Table legend: (Time is in decaauts)
 A = Elapsed time spent in this place.
 B = Non-inter-level travel time spent in this place.
 C = Inter-level travel time spent in this place.
 D = Time resting spent in this place.
 E = Time spent auto-exploring this place.
 F = Levels seen in this place.
 G = Mean time per level.
                   A        B        C        D        E       F      G
               +--------+--------+--------+--------+--------+-----+--------+
         Total |   7944 |   7487 |    457 |   1556 |   4774 |   9 |  882.7 |
       Dungeon |   7538 |   7092 |    446 |   1556 |   4483 |   7 | 1076.9 |
        Temple |    115 |    104 |     11 |      0 |     96 |   1 |  115.0 |
         Sewer |    290 |    290 |      0 |      0 |    195 |   1 |  290.0 |
               +--------+--------+--------+--------+--------+-----+--------+

Top non-repeatable levels by time:
     D:4: 2261 daAuts
     D:6: 1497 daAuts
     D:1: 1122 daAuts
     D:5: 1046 daAuts
     D:3: 813 daAuts
     D:2: 756 daAuts
   Sewer: 290 daAuts
  Temple: 115 daAuts
     D:7: 41 daAuts
